[Event "RUS Cup Final Women 2019"]
[Site "Khanty-Mansiysk"]
[Date "2019.12.05"]
[Round "1.1"]
[White "Gritsayeva, Oksana"]
[Black "Mironenko, Galina"]
[Result "1-0"]
[ECO "E11"]
[WhiteElo "2370"]
[BlackElo "2094"]
[Annotator "NA"]
[PlyCount "73"]
[EventDate "2019.12.05"]
[EventType "k.o."]
[EventCountry "RUS"]
[SourceTitle "playchess.com"]
[Source "ChessBase"]
[SourceQuality "1"]
[TimeControl "5400+30"]

1. d4 Nf6 2. Nf3 e6 3. c4 Bb4+ 4. Bd2 Be7 5. Nc3 d5 6. Bg5 h6 7. Bxf6 Bxf6 8. e3 b6 9. Qd2 Bb7 10. cxd5 exd5 11. Be2 Nd7 12. O-O O-O 13. Rac1 a6 14. Bd3 Re8 15. Rfe1 c5 16. b3 Rc8 17. Bf5 c4 $11 18. e4 dxe4 19. Nxe4 Bxe4 20. Bxe4 cxb3 21. Rxc8 Qxc8 22. axb3 Rd8 23. Rc1 Qb8 24. Qc2 Qd6 25. g3 Nf8 26. Qe2 Bxd4 27. Rc6 Qd7 28. Qxa6 Ne6 29. b4 Ng5 30. Nxg5 hxg5 31. Qc4 b5 32. Qxb5 Qe7 33. Qf5 Qxb4 34. Rc7 Bxf2+ 35. Kg2 Bd4 36. Qh7+ Kf8 37. Qh8# 1-0

[Event "RUS Cup Final Women 2019"]
[Site "Khanty-Mansiysk"]
[Date "2019.12.05"]
[Round "1.2"]
[White "Borisova, Ekaterina"]
[Black "Goltseva, Ekaterina"]
[Result "1/2-1/2"]
[ECO "A05"]
[WhiteElo "2344"]
[BlackElo "2297"]
[Annotator "NA"]
[PlyCount "80"]
[EventDate "2019.12.05"]
[EventType "k.o."]
[EventCountry "RUS"]
[SourceTitle "playchess.com"]
[Source "ChessBase"]
[SourceQuality "1"]
[TimeControl "5400+30"]

1. Nf3 Nf6 2. g3 d5 3. Bg2 e6 4. O-O c5 5. d4 cxd4 6. Nxd4 e5 7. Nb3 Be6 8. Nc3 Be7 9. f4 exf4 10. gxf4 g6 11. Nd4 Nc6 12. Nxe6 fxe6 13. e4 dxe4 14. Nxe4 Nxe4 15. Bxe4 Qxd1 16. Rxd1 Bc5+ 17. Kg2 Rd8 18. Rxd8+ Kxd8 19. c3 Kc7 20. b4 Bd6 21. Be3 Rf8 22. Rf1 Ne7 23. c4 $11 ({Don't blunder} 23. Bxa7 $2 b6 $19) 23... Nf5 24. Bd2 Rd8 25. Kf3 Be5 26. Ke2 Bg7 27. Rc1 Bh6 28. Rc3 Rd4 29. Bxf5 exf5 30. Rh3 Bxf4 31. Rxh7+ Kc6 32. Bxf4 Rxf4 33. Kd3 Rf3+ 34. Kd4 Rf4+ 35. Kd3 Rf3+ 36. Kd4 Rf4+ 37. Kc3 Rf3+ 38. Kd4 Rf4+ 39. Kd3 Rf3+ 40. Kd4 Rf4+ {[%emt 0:00:05] Ke4} 1/2-1/2

[Event "RUS Cup Final Women 2019"]
[Site "Khanty-Mansiysk"]
[Date "2019.12.06"]
[Round "1.2"]
[White "Garifullina, Leya"]
[Black "Charochkina, Daria"]
[Result "1-0"]
[ECO "B42"]
[WhiteElo "2308"]
[BlackElo "2355"]
[Annotator "NA"]
[PlyCount "70"]
[EventDate "2019.12.05"]
[EventType "k.o."]
[EventCountry "RUS"]
[SourceTitle "playchess.com"]
[Source "ChessBase"]
[SourceQuality "1"]
[TimeControl "5400+30"]

1. e4 c5 2. Nf3 e6 3. d4 cxd4 4. Nxd4 a6 5. Bd3 g6 6. O-O Bg7 7. Nf3 Nc6 8. c4 Nge7 9. Nc3 O-O 10. Bg5 h6 11. Bh4 b6 $14 12. Re1 d6 13. Rc1 Bb7 14. Bf1 Rc8 15. Re2 g5 16. Bg3 f5 17. exf5 e5 18. c5 Nxf5 19. cxd6 Ncd4 20. Nxd4 exd4 21. Ne4 Nxg3 22. hxg3 Bd5 23. Re1 b5 24. b3 Qd7 25. Bd3 Bxe4 26. Rxc8 Rxc8 27. Rxe4 Qxd6 28. Qg4 Rf8 29. Re6 Qc5 30. Qe4 Rf7 31. Rxa6 Qe5 32. Ra8+ Rf8 33. Qh7+ Kf7 34. Ra7+ Ke6 35. Qxg7 Kd5 1-0

[Event "RUS Cup Final Women 2019"]
[Site "Khanty-Mansiysk"]
[Date "2019.12.06"]
[Round "1.2"]
[White "Afonasieva, Anna"]
[Black "Guseva, Marina"]
[Result "0-1"]
[ECO "A03"]
[WhiteElo "2302"]
[BlackElo "2373"]
[Annotator "RC"]
[PlyCount "86"]
[EventDate "2019.12.05"]
[EventType "k.o."]
[EventCountry "RUS"]
[SourceTitle "playchess.com"]
[Source "ChessBase"]
[SourceQuality "1"]
[TimeControl "5400+30"]

1. f4 d5 2. Nf3 g6 3. g3 Bg7 4. Bg2 Nh6 5. O-O c5 6. d3 d4 7. Qe1 Nf5 8. a4 Nc6 9. Na3 O-O 10. Nc4 Nb4 11. Qd1 Nd5 12. e4 dxe3 13. c3 Qc7 14. Qe2 b6 15. Nh4 Bb7 16. Nxf5 gxf5 17. Bxd5 Bxd5 18. Nxe3 Qd7 19. Qh5 e6 20. g4 fxg4 21. f5 f6 22. Qxg4 exf5 23. Qh4 Rae8 24. a5 Bc6 25. axb6 axb6 26. Kf2 Kh8 27. Rg1 f4 28. Qxf4 f5 29. d4 cxd4 30. cxd4 Re4 31. Qg5 f4 32. d5 fxe3+ 33. Ke1 Bxd5 34. Ra3 Qf7 35. Bxe3 Re5 36. Qg3 Rf5 37. Kd2 Be4 38. Rc3 Qd7+ 39. Ke1 Rd5 40. Rc1 Bf3 41. Qc7 Rd1+ 42. Kf2 Bc6+ 43. Ke2 Qd3# 0-1

[Event "RUS Cup Final Women 2019"]
[Site "Khanty-Mansiysk"]
[Date "2019.12.06"]
[Round "1.2"]
[White "Goltseva, Ekaterina"]
[Black "Borisova, Ekaterina"]
[Result "1-0"]
[ECO "A15"]
[WhiteElo "2297"]
[BlackElo "2344"]
[Annotator "NA"]
[PlyCount "79"]
[EventDate "2019.12.05"]
[EventType "k.o."]
[EventCountry "RUS"]
[SourceTitle "playchess.com"]
[Source "ChessBase"]
[SourceQuality "1"]
[TimeControl "5400+30"]

1. c4 Nf6 2. Nf3 e6 3. e3 d5 4. b3 Be7 5. Bb2 b6 6. d4 Bb7 7. Bd3 O-O 8. Nbd2 c5 9. O-O cxd4 10. exd4 dxc4 11. bxc4 $11 Nc6 12. Rc1 Rc8 13. Qe2 Qd6 14. Rfd1 Rfd8 15. Nf1 Nb4 16. Bb1 Ba6 17. Ne5 Qb8 18. a3 Nc6 19. Nxc6 Rxc6 20. d5 Rxd5 21. Rxd5 Nxd5 22. Qg4 Nf6 23. Bxf6 Bxf6 24. Bxh7+ Kf8 25. Ne3 g6 26. Qf3 Bb2 27. Rb1 Bb7 28. Bxg6 Rc7 29. Qf4 Bg7 30. Rd1 Qc8 31. Be4 Ba6 32. Qd6+ Kg8 33. Bd3 Rc5 34. Be2 Be5 35. Qe7 Bc7 36. Rd7 Qf8 37. Rxc7 Rxc7 38. Qxc7 Qxa3 39. Qxa7 Qa5 40. Bf1 1-0

[Event "RUS Cup Final Women 2019"]
[Site "Khanty-Mansiysk"]
[Date "2019.12.05"]
[Round "1.3"]
[White "Charochkina, Daria"]
[Black "Garifullina, Leya"]
[Result "1/2-1/2"]
[ECO "E46"]
[WhiteElo "2355"]
[BlackElo "2308"]
[Annotator "NA"]
[PlyCount "44"]
[EventDate "2019.12.05"]
[EventType "k.o."]
[EventCountry "RUS"]
[SourceTitle "playchess.com"]
[Source "ChessBase"]
[SourceQuality "1"]
[TimeControl "5400+30"]

1. d4 Nf6 2. c4 e6 3. Nc3 Bb4 4. e3 O-O 5. Bd2 b6 6. Rc1 Bb7 7. Nf3 Bxc3 8. Bxc3 Ne4 9. d5 Nf6 10. Rc2 a5 11. Bd3 exd5 12. Bxf6 Qxf6 13. cxd5 Na6 14. a3 Nc5 15. Bc4 a4 16. O-O Rfe8 17. Rd2 $11 Re4 18. Nd4 Rf8 19. Re1 Re5 20. Nf3 Re4 21. Nd4 Re5 22. Nf3 Re4 1/2-1/2

[Event "RUS Cup Final Women 2019"]
[Site "Khanty-Mansiysk"]
[Date "2019.12.05"]
[Round "1.4"]
[White "Guseva, Marina"]
[Black "Afonasieva, Anna"]
[Result "1-0"]
[ECO "D11"]
[WhiteElo "2373"]
[BlackElo "2302"]
[Annotator "NA"]
[PlyCount "81"]
[EventDate "2019.12.05"]
[EventType "k.o."]
[EventCountry "RUS"]
[SourceTitle "playchess.com"]
[Source "ChessBase"]
[SourceQuality "1"]
[TimeControl "5400+30"]

1. d4 d5 2. c4 c6 3. Nf3 Nf6 4. e3 e6 5. Bd3 Nbd7 6. b3 Bd6 7. O-O O-O 8. Bb2 b6 9. Nbd2 Bb7 10. Ne5 Rc8 11. f4 c5 12. Qe2 Ne4 13. cxd5 exd5 14. Nxe4 dxe4 {[%emt 0:00:07] [#]} 15. Bc4 $1 Nf6 16. Rad1 Bd5 17. dxc5 Bxc5 18. Ng4 $18 Bxc4 19. bxc4 Qe7 20. Bxf6 gxf6 21. Nh6+ Kh8 22. Rd5 Rfd8 23. Rfd1 Rxd5 24. cxd5 Qd7 25. g4 Bb4 26. Nf5 Bc3 27. h3 b5 28. Qc2 Rc4 29. d6 a5 30. Kh2 a4 31. a3 Ba5 32. Qb2 Bd8 33. Rd5 b4 34. axb4 Qc6 35. Rd2 Qb5 36. d7 Qb6 37. Qa2 Qxb4 38. Rb2 Qc5 39. Rb8 Rc2+ 40. Kg3 Qc7 41. Qxf7 1-0

[Event "RUS Cup Final Women 2019"]
[Site "Khanty-Mansiysk"]
[Date "2019.12.07"]
[Round "2.1"]
[White "Garifullina, Leya"]
[Black "Guseva, Marina"]
[Result "0-1"]
[ECO "B90"]
[WhiteElo "2308"]
[BlackElo "2373"]
[Annotator "NA"]
[PlyCount "96"]
[EventDate "2019.12.05"]
[EventType "k.o."]
[EventCountry "RUS"]
[SourceTitle "playchess.com"]
[Source "ChessBase"]
[SourceQuality "1"]
[TimeControl "5400+30"]

1. e4 c5 2. Nf3 d6 3. d4 cxd4 4. Nxd4 Nf6 5. Nc3 a6 6. h3 e5 7. Nde2 h5 {[%emt 0:00:00] B90: Sicilian Najdorf: Unusual White 6th moves, 6 Be3 Ng4 and 6 Be3 e5} 8. Bg5 (8. g3 Nbd7 9. Bg2 b5 10. O-O Bb7 11. a4 b4 12. Nd5 Nxd5 13. exd5 Be7 14. a5 Rb8 15. Bd2 {1-0 (36) Wei,Y (2721)-Vachier Lagrave,M (2774) chess.com INT 2019}) 8... Be6 9. Bxf6 Qxf6 10. Nd5 Qd8 11. Nec3 g6 12. Bc4 Bh6 13. O-O O-O 14. a4 Nc6 {[%emt 0:00:06] [#]} 15. Ne2 $146 ({Predecessor:} 15. Qd3) 15... Rc8 16. Ba2 Kg7 17. Kh1 Qh4 18. f4 Bg4 19. fxe5 $17 dxe5 20. c3 Be6 21. Ng1 Rcd8 22. Qe1 Qxe1 23. Rfxe1 f5 24. Nc7 Bxa2 25. Rxa2 Kf7 26. Nd5 fxe4 27. c4 Ne7 28. Rxe4 Nxd5 29. cxd5 Rxd5 30. Nf3 Bf4 31. g4 hxg4 32. hxg4 Rc8 33. b4 Rc3 34. Kg2 Kf6 35. Rae2 Ra3 36. a5 Rb3 37. Rf2 g5 38. Rc2 Rdd3 39. Ne1 Rg3+ 40. Kf1 Rxg4 41. Rc7 Kf5 42. Rec4 Rh4 43. Rf7+ Kg4 44. Rxb7 Rh1+ 45. Ke2 Re3+ 46. Kf2 Rhxe1 47. Rc2 Rh1 48. Rbc7 Reh3 0-1

[Event "RUS Cup Final Women 2019"]
[Site "Khanty-Mansiysk"]
[Date "2019.12.07"]
[Round "2.1"]
[White "Goltseva, Ekaterina"]
[Black "Gritsayeva, Oksana"]
[Result "1/2-1/2"]
[ECO "D26"]
[WhiteElo "2297"]
[BlackElo "2370"]
[Annotator "NA RC"]
[PlyCount "193"]
[EventDate "2019.12.05"]
[EventType "k.o."]
[EventCountry "RUS"]
[SourceTitle "playchess.com"]
[Source "ChessBase"]
[SourceQuality "1"]
[TimeControl "5400+30"]

1. d4 d5 2. c4 dxc4 3. Nf3 Nf6 4. e3 e6 5. Bxc4 a6 6. O-O c5 7. dxc5 Qxd1 8. Rxd1 Bxc5 9. Be2 b6 10. Nbd2 Bb7 11. Nc4 Nbd7 12. Bd2 O-O 13. Bc3 Bd5 14. Nce5 Nxe5 15. Nxe5 Rfc8 16. Nd3 Be7 17. f3 $11 Kf8 18. Kf1 Bc4 19. e4 b5 20. Bd4 b4 21. Rd2 Ke8 22. b3 Bb5 23. Nb2 Nd7 24. Nc4 Bxc4 25. Bxc4 Bg5 26. Rdd1 Bf6 27. a3 Bxd4 28. Rxd4 Ne5 29. axb4 Nc6 30. Rd6 Nxb4 31. Bxa6 Ke7 32. Rb6 Rcb8 33. Rxb8 Rxb8 34. Bc4 Nc2 35. Ra7+ Kf8 36. Rd7 Ne3+ 37. Kf2 Nxc4 38. bxc4 Rc8 39. Rd4 f6 40. f4 e5 41. fxe5 fxe5 42. Rd5 Rxc4 43. Rxe5 Rc3 44. Rg5 Kf7 45. Rg3 Rc2+ 46. Kf3 g6 47. h4 Kf6 48. Rg5 Rc1 49. Rb5 Rf1+ 50. Ke3 Re1+ 51. Kf4 Rf1+ 52. Kg3 Re1 53. Kf3 Rf1+ 54. Ke3 Re1+ 55. Kd3 Rg1 56. Rg5 Rf1 57. g3 Re1 58. Kd4 Rd1+ 59. Ke3 Re1+ 60. Kf3 Rf1+ 61. Ke2 Ra1 62. Rd5 Rb1 63. Kf2 Rb3 64. Rc5 Ra3 65. Rb5 Rc3 66. Ra5 Rb3 67. Rc5 Ra3 68. h5 Rb3 69. Ra5 Rc3 70. Rb5 Ra3 71. h6 Ra2+ 72. Kf3 Rh2 73. g4 g5 74. Rf5+ Ke6 75. Rxg5 Rxh6 76. Kf4 Rh1 77. Re5+ Kf6 78. g5+ Kf7 79. Ra5 Rf1+ 80. Ke5 Rb1 81. Kd6 Rb6+ 82. Kd7 Rb7+ 83. Kc6 Re7 84. Kd5 Kg6 85. Kd4 Re6 86. Ke3 h6 87. gxh6 Kxh6 88. Rf5 Kg6 89. Kd4 Ra6 90. Rb5 Kf6 91. Kd5 Re6 92. Rb1 Re5+ 93. Kd4 Ra5 94. Rb6+ Ke7 95. e5 Ra1 96. Rb7+ Ke6 97. Ke4 {Kxe5+} 1/2-1/2

[Event "RUS Cup Final Women 2019"]
[Site "Khanty-Mansiysk"]
[Date "2019.12.08"]
[Round "2.2"]
[White "Guseva, Marina"]
[Black "Garifullina, Leya"]
[Result "1/2-1/2"]
[ECO "E21"]
[WhiteElo "2373"]
[BlackElo "2308"]
[Annotator "ChessBase"]
[PlyCount "74"]
[EventDate "2019.12.05"]
[EventType "k.o."]
[EventCountry "RUS"]
[SourceTitle "playchess.com"]
[Source "ChessBase"]
[SourceQuality "1"]
[TimeControl "5400+30"]

1. d4 Nf6 2. c4 e6 3. Nc3 Bb4 4. Nf3 O-O 5. Bg5 c5 6. Rc1 cxd4 7. Nxd4 h6 8. Bxf6 Qxf6 9. e3 Nc6 10. Be2 Nxd4 11. Qxd4 Qxd4 12. exd4 d6 13. O-O Bd7 14. Bf3 Rac8 15. a3 Bxc3 16. Rxc3 Bc6 17. Rfc1 Rfd8 18. d5 Bd7 19. dxe6 Bxe6 20. g3 b6 21. Kg2 Rc7 22. b3 Rdc8 23. Rd1 b5 24. Rxd6 bxc4 25. bxc4 Bxc4 26. Re3 Rb8 27. Bd5 Bxd5+ 28. Rxd5 Rb2 29. Ra5 g6 30. h4 h5 31. Rf3 Kg7 32. Rf4 Re7 33. Rfa4 Ree2 34. Rf4 Re7 35. Rfa4 Ree2 36. Rf4 Re7 37. Rfa4 Ree2 1/2-1/2

[Event "RUS Cup Final Women 2019"]
[Site "Khanty-Mansiysk"]
[Date "2019.12.08"]
[Round "2.2"]
[White "Gritsayeva, Oksana"]
[Black "Goltseva, Ekaterina"]
[Result "1-0"]
[ECO "D37"]
[WhiteElo "2370"]
[BlackElo "2297"]
[Annotator "NA"]
[PlyCount "97"]
[EventDate "2019.12.05"]
[EventType "k.o."]
[EventCountry "RUS"]
[SourceTitle "playchess.com"]
[Source "ChessBase"]
[SourceQuality "1"]
[TimeControl "5400+30"]

1. Nf3 Nf6 2. d4 d5 3. c4 e6 4. Nc3 dxc4 5. e3 a6 6. Bxc4 b5 7. Be2 Bb7 8. O-O Nbd7 9. b3 c5 10. Bb2 Be7 11. dxc5 Bxc5 12. Rc1 O-O 13. a4 {[%emt 0:02:14] D47: Semi-Slav: Meran System} b4 14. Nb1 Qe7 15. Nbd2 Rfd8 16. Qc2 Rac8 17. Qb1 {[%emt 0:00:57] [#]} Ba7 $146 ({Predecessor:} 17... Nb6 18. Rfd1 {½-½ (18) Andersson,U (2635)-Tarjan,J (2535) Jakarta 1983}) 18. Rfd1 Nc5 19. Bd4 Nfd7 20. Nc4 Bd5 21. Qb2 f6 22. e4 (22. a5 $11) 22... Bxe4 $17 23. Nd6 Qxd6 24. Bxc5 Qb8 25. Bxa7 Qxa7 26. Rxc8 Rxc8 27. Bc4 Nf8 28. Qe2 Qa8 29. Rd6 Bd5 30. Bxd5 Rc1+ 31. Ne1 exd5 32. g3 Qc8 33. Kg2 Qc3 34. Nd3 Rc2 35. Qe3 Qxb3 36. Rd8 d4 37. Qe7 Qf7 38. Qxb4 Rc7 39. Nf4 Rd7 40. Rb8 Re7 41. Qxd4 g5 42. Nd5 Re5 43. Ne3 Kg7 44. Qb4 a5 45. Qb1 Qe6 46. Qb7+ Qf7 47. Qc8 Kg8 48. Ng4 Qd5+ 49. Kh3 1-0